 Dungeon Crawl Stone Soup version 0.22-a0-91-g23542c2 (webtiles) character file.

56 GrunderHorse the Stinger (level 3, -4/22 HPs)
             Began as an Octopode Venom Mage on Jan 22, 2018.
             Slain by a gnoll
             ... wielding a cursed -2 club
              (7 damage)
             ... on level 2 of the Dungeon.
             The game lasted 00:05:19 (1080 turns).

GrunderHorse the Stinger (Octopode Venom Mage)      Turns: 1080, Time: 00:05:20

Health: -4/22      AC:  1    Str:  7    XL:     3   Next: 95%
Magic:  0/6        EV: 13    Int: 18    God:
Gold:   30         SH:  0    Dex: 12    Spells: 3/6 levels left

rFire    . . .     SeeInvis .   d - +0 dagger
rCold    . . .     Gourm    .   (no shield)
rNeg     . . .     Faith    .   (helmet restricted)
rPois    .         Spirit   .   (no amulet)
rElec    .         Reflect  .   (no ring)
rCorr    .         Harm     .   (no ring)
MR       .....                  (no ring)
Stlth    +++.......             (no ring)
HPRegen  0.07/turn              (no ring)
MPRegen  0.10/turn              (no ring)
                                (no ring)
                                (no ring)

@: very slightly contaminated
A: almost no armour, stealthy swim, amphibious, 8 rings, constrict 8, camouflage
1, gelatinous body 1
a: no special abilities


You were on level 2 of the Dungeon.
You were not hungry.

You visited 1 branch of the dungeon, and saw 2 of its levels.

You collected 30 gold pieces.

Inventory:

Hand Weapons
 d - a +0 dagger (weapon)
Missiles
 k - 27 poisoned needles
Scrolls
 c - a scroll of amnesia {unknown}
 e - 2 scrolls of teleportation {unknown}
 j - a scroll of blinking {unknown}
Potions
 g - a potion of lignification {unknown}
 h - a potion of berserk rage {unknown}
 i - a potion of agility {unknown}
 l - a potion of brilliance {unknown}
Books
 a - a Young Poisoner's Handbook

   Spells                             Type                      Level
   a - Sting                          Conjuration/Poison           1
   b - Poisonous Vapours              Poison/Air                   2
   c - Mephitic Cloud                 Conjuration/Poison/Air       3
   d - Olgreb's Toxic Radiance        Poison                       4
   e - Venom Bolt                     Conjuration/Poison           5
Comestibles
 b - 2 rations
 f - 2 chunks of flesh


   Skills:
 - Level 0.4 Fighting
 - Level 0.1 Short Blades
 - Level 2.0 Dodging
 + Level 3.2 Stealth
 + Level 2.3 Spellcasting
 + Level 1.1 Conjurations
 - Level 1.0 Air Magic
 + Level 4.7 Poison Magic


You had 3 spell levels left.
You knew the following spells:

 Your Spells              Type           Power        Failure   Level  Hunger
a - Sting                 Conj/Pois      ##..         5%          1    #......
b - Poisonous Vapours     Pois/Air       ##....       9%          2    ##.....


Dungeon Overview and Level Annotations

Branches:
Dungeon (2/15)

Altars:


Innate Abilities, Weirdness & Mutations

You cannot wear most types of armour.
You are very stealthy in the water. (Stealth+)
You are amphibious.
You can wear up to eight rings at the same time.
You can use your tentacles to constrict eight enemies at once.
Your skin changes colour to match your surroundings (Stealth+).
Your rubbery body absorbs attacks. (AC +1, EV +1)


Message History

The gnoll hits you with a club.
Casting: Poisonous Vapours
Confirm with . or Enter, or press ? or * to list all spells.
You don't have enough magic to cast that spell.
The gnoll hits you from afar with a halberd!
Ouch! That really hurt!
* * * LOW HITPOINT WARNING * * *
You see here 17 stones.
Casting: Poisonous Vapours
Confirm with . or Enter, or press ? or * to list all spells.
You don't have enough magic to cast that spell.
Casting: Poisonous Vapours
Confirm with . or Enter, or press ? or * to list all spells.
Aiming: Sting
Press: ? - help, Shift-Dir - straight line, f/p - gnoll
Aim: a gnoll, wielding a club The sting hits the gnoll.
The gnoll is poisoned.
The gnoll is moderately wounded.
The gnoll hits you with a club!
You die...

#.##############
#)..............
#.##############
#.# # #.# # #.# #
#.# # #####.####
#######
#..@.....#
#......
#..g.....#
#......
####g.......#
#......
#..(........#
#......
#...........#
#......
#####...####+####
#...... #>..)...+
#...... #)###...#
#...... #.# #...#
######.


You could see 2 gnolls.

Vanquished Creatures
  2 gnolls (D:2)
  2 dart slugs (D:1)
  2 leopard geckos (D:1)
  A giant cockroach (D:1)
  4 goblins (D:1)
  5 hobgoblins
  5 bats (D:1)
  3 frilled lizards
  7 rats
31 creatures vanquished.

Notes
Turn   | Place    | Note
-------+----------+-------------------------------------------
     0 | D:1      | GrunderHorse the Octopode Venom Mage began the quest for the Orb.
     0 | D:1      | Reached XP level 1. HP: 11/11 MP: 3/3
   100 | D:1      | Reached skill level 4 in Poison Magic
   196 | D:1      | Reached XP level 2. HP: 18/18 MP: 1/5
   214 | D:1      | Learned a level 2 spell: Poisonous Vapours
   542 | D:1      | Reached XP level 3. HP: 21/22 MP: 0/6
  1054 | D:2      | Reached skill level 1 in Air Magic
  1080 | D:2      | Slain by a gnoll

Vault maps used:
D:1:      minmay_arrival_jagged
D:2:      regret_index_temple_of_mockery, nicolae_ru_awakened_eye

Skill      XL: |  1  2  3 |
---------------+----------+-----
Poison Magic   | 4 |  4.7
Stealth        | 3 |  3.2
Air Magic      | 1 |  1.0
Fighting       | |  0.4
Short Blades   | |  0.1
Dodging        | |  2.0
Spellcasting   | |  2.3
Conjurations   | |  1.1

Action                   || total
-------------------------++-------
Melee: Dagger            ||    35
       Unarmed           ||     6
       Constrict         ||     9
       Tentacles         ||     3
 Cast: Sting             ||    38
       Poisonous Vapours ||     3
 Stab: Sleeping          ||     2
  Eat: Chunk             ||     1
Armor: Skin              ||     7
Dodge: Dodged            ||    39

Table legend:
 A = Spawn XP
 B = Non-spawn XP
 C = Spawn XP percentage of total XP
 D = Spawn monster count
 E = Non-spawn monster count
 F = Spawn count percentage of total count
 G = Total turns spent on level
                    A         B        C        D         E        F      G
               +---------+---------+-------+---------+---------+-------+---------
         Total |       0 |      80 |   0.0 |       0 |      31 |   0.0 |  1080
               +---------+---------+-------+---------+---------+-------+---------
           D:1 |       0 |      48 |   0.0 |       0 |      26 |   0.0 |   973
           D:2 |       0 |      32 |   0.0 |       0 |       5 |   0.0 |   107
               +---------+---------+-------+---------+---------+-------+---------
